 Dungeon Crawl Stone Soup version 0.21.1-1-g345015f (webtiles) character file.

368 Stormhunter the Chopper (level 6, -4/39 HPs)
             Began as a Gargoyle Skald on June 9, 2018.
             Was an Initiate of Okawaru.
             Slain by Menkaure (8 damage)
             ... on level 5 of the Dungeon.
             The game lasted 00:05:18 (4598 turns).

Stormhunter the Chopper (Gargoyle Skald)            Turns: 4598, Time: 00:05:19

Health: -4/39      AC: 11    Str: 16    XL:     6   Next: 69%
Magic:  9/9        EV:  9    Int: 14    God:    Okawaru [......]
Gold:   248        SH:  0    Dex:  9    Spells: 8/9 levels left

rFire    . . .     SeeInvis .   a - +0 hand axe
rCold    . . .     Gourm    .   (no shield)
rNeg     + . .     Faith    .   t - +0 scale mail
rPois    ∞         Spirit   .   p - +1 hat
rElec    +         Reflect  .   (no cloak)
rCorr    .         Harm     .   (no gloves)
MR       .....                  (no boots)
Stlth    ..........             (no amulet)
HPRegen  0.13/turn              (no ring)
MPRegen  0.11/turn              (no ring)

@: no status effects
A: negative energy resistance 1, electricity resistance, unbreathing,
petrification resistance, rot immunity, AC +4
a: Renounce Religion


You were on level 5 of the Dungeon.
You worshipped Okawaru.
Okawaru was noncommittal.
You were very hungry.

You visited 1 branch of the dungeon, and saw 5 of its levels.

You collected 248 gold pieces.

Inventory:

Hand Weapons
 a - a +0 hand axe (weapon)
Missiles
 h - a throwing net (quivered)
 q - 12 javelins
Armour
 b - a +0 leather armour
 p - a +1 hat (worn)
 t - a +0 scale mail (worn)
Scrolls
 e - 2 scrolls of fear
 f - 7 scrolls of identify {unknown}
 i - 2 scrolls of remove curse
 l - 4 scrolls of amnesia
 m - 2 scrolls of teleportation
 n - a scroll of fog
 w - a scroll of noise {unknown}
 y - a scroll of random uselessness {unknown}
 z - a scroll of enchant weapon {unknown}
Potions
 j - a potion of degeneration {unknown}
 k - a potion of might {unknown}
 o - a potion of lignification {unknown}
 r - a potion of resistance {unknown}
 s - a potion of mutation {unknown}
 u - a potion of invisibility {unknown}
 v - 2 potions of curing {unknown}
 x - a potion of flight {unknown}
Books
 c - a book of Battle

   Spells                             Type                      Level
   a - Infusion                       Charms                       1
   b - Shroud of Golubria             Charms/Translocation         2
   c - Song of Slaying                Charms                       2
   d - Spectral Weapon                Hexes/Charms                 3
   e - Regeneration                   Charms/Necromancy            3
Comestibles
 d - 13 rations


   Skills:
 + Level 4.6 Fighting
 * Level 5.2 Axes
 - Level 1.1 Armour
 - Level 1.5 Dodging
 - Level 2.0 Spellcasting
 - Level 2.6 Charms


You had 8 spell levels left.
You knew the following spells:

 Your Spells              Type           Power        Failure   Level  Hunger
a - Infusion              Chrm           #...         28%         1    ##.....


Dungeon Overview and Level Annotations

Branches:
Dungeon (5/15)
 Temple: D:4-7

Altars:
Ashenzari
Makhleb
Nemelex Xobeh
Okawaru
Trog
Wu Jian
The Shining One

Annotations:
D:3 lcaldwell's ghost, amateur MfSk
D:5 Menkaure


Innate Abilities, Weirdness & Mutations

You are resistant to torment.
Your stone body is resilient. (AC +4)
You are immune to poison.
You resist negative energy. (rN+)
You are resistant to electric shocks. (rElec)
You can survive without breathing.
You are immune to petrification.
You are immune to rotting.


Message History

Pain shoots through your body!
* * * LOW HITPOINT WARNING * * *
Menkaure barely misses you.
You completely miss Menkaure.
Menkaure is heavily damaged.
Menkaure barely misses you.
You feel much better. Menkaure hits you but does no damage.
You hit Menkaure.
Menkaure is severely damaged.
Menkaure hits you!!
* * * LOW HITPOINT WARNING * * *
You barely miss Menkaure.
Menkaure is severely damaged.
Menkaure points at you and mumbles some strange words.
Pain shoots through your body!
* * * LOW HITPOINT WARNING * * *
You hit Menkaure.
Menkaure is severely damaged.
Menkaure closely misses you. Menkaure hits you!
You die...

......# .....#
.....##### ....#
#......... . #...#
#......... .. #...#
#......... ..# +#...#+
##.........
...###.....###..@M......
........................
#......⌠.........#####.
#................#
#####.....###....#
##..#...#+ ##...#
#...#...# #...#
#<.##...# #.###
####.....# .#


You could see Menkaure.

Vanquished Creatures
  A scorpion (D:4)
  2 iguanas
  5 worker ants
  A worker ant zombie (D:2)
  5 adders
  An adder skeleton (D:4)
  2 worms (D:2)
  2 dart slugs
  3 leopard geckos
  2 orcs (D:4)
  8 bats
  3 giant cockroaches
  6 goblins
  6 hobgoblins
  11 jackals
  5 kobolds
  A quokka (D:4)
  2 ball pythons
  5 frilled lizards
  5 rats
76 creatures vanquished.

Notes
Turn   | Place    | Note
-------+----------+-------------------------------------------
     0 | D:1      | Stormhunter the Gargoyle Skald began the quest for the Orb.
     0 | D:1      | Reached XP level 1. HP: 12/12 MP: 3/3
   165 | D:1      | Reached skill level 2 in Axes
   293 | D:1      | Reached XP level 2. HP: 13/18 MP: 5/5
   794 | D:1      | Reached XP level 3. HP: 17/22 MP: 6/6
  1147 | D:2      | Reached skill level 3 in Axes
  1256 | D:2      | Found a sparkling altar of Nemelex Xobeh.
  1263 | D:2      | Found an ornate altar of the Wu Jian Council.
  1288 | D:2      | Found a shattered altar of Ashenzari.
  1305 | D:2      | Reached XP level 4. HP: 10/28 MP: 7/7
  1653 | D:2      | Found a burning altar of Makhleb.
  1817 | D:2      | Found a faded altar of an unknown god.
  2035 | D:3      | Noticed lcaldwell's ghost (amateur MfSk)
  2574 | D:3      | Reached XP level 5. HP: 32/32 MP: 8/8
  2937 | D:4      | Reached skill level 4 in Axes
  3382 | D:4      | Reached XP level 6. HP: 36/38 MP: 9/9
  3822 | D:4      | Reached skill level 5 in Axes
  4264 | D:4      | Found a bloodstained altar of Trog.
  4269 | D:4      | Found a glowing golden altar of the Shining One.
  4272 | D:4      | Found an iron altar of Okawaru.
  4278 | D:4      | Became a worshipper of Warmaster Okawaru
  4437 | D:5      | Entered Level 5 of the Dungeon
  4578 | D:5      | Noticed Menkaure
  4598 | D:5      | Slain by Menkaure

Skill      XL: |  1  2  3  4  5  6 |
---------------+-------------------+-----
Axes           | 2 3 4 5 |  5.2
Fighting       | 3 4 |  4.6
Armour         | |  1.1
Dodging        | |  1.5
Spellcasting   | |  2.0
Charms         | |  2.6

Action                   |  1- 3 |  4- 6 || total
-------------------------+-------+-------++-------
Melee: Hand axe          |   121 |   241 ||   362
Throw: Throwing net      |     1 |       ||     1
  Use: Scroll            |       |     5 ||     5
       Potion            |       |     2 ||     2
  Eat: Chunk             |     1 |    10 ||    11
Armor: Leather armour    |    64 |     9 ||    73
       Scale mail        |       |   109 ||   109
Dodge: Dodged            |    86 |   109 ||   195
